[Event "14th Danzhou Super GM 2023"]
[Site "Danzhou"]
[Date "2023.11.19"]
[Round "6.1"]
[White "Bu, Xiangzhi"]
[Black "Jumabayev, Rinat"]
[Result "0-1"]
[ECO "A33"]
[WhiteElo "2677"]
[BlackElo "2588"]
[Annotator "TA"]
[PlyCount "170"]
[EventDate "2023.11.17"]
[EventCountry "CHN"]
[SourceTitle "playchess.com"]
[Source "ChessBase"]
[SourceQuality "1"]
[TimeControl "2700+10"]

1. Nf3 c5 2. c4 Nf6 3. Nc3 Nc6 4. d4 cxd4 5. Nxd4 e6 6. Bf4 Nh5 $5 {[%emt 0:01:31][%mdl 4] Leaves trodden paths. A33: Symmetrical English: 2 Nf3 Nf6 3 d4 cxd4 4 Nxd4 e6 5 Nc3 Nc6.} 7. Nxc6 dxc6 8. Qxd8+ Kxd8 {[%emt 0:00:02] White has an edge.} 9. O-O-O+ Bd7 $1 10. Be5 {[%emt 0:00:02] [#]} f6 $146 ({Predecessor:} 10... Nf6 11. e3 Bb4 12. Be2 Ke7 13. g4 Rhd8 14. a3 Bxc3 15. Bxc3 Ne4 16. Be1 c5 {½-½ Tari,A (2402)-Andersen,M (2466) Vaxjo Visma GM 2014 (3)}) 11. g4 fxe5 12. gxh5 Kc7 13. Rg1 Rg8 14. Ne4 Be7 15. Bh3 g5 16. Rd3 Rad8 17. e3 c5 {[%emt 0:09:10] [#]} 18. Rxd7+ Kxd7 $11 19. Rd1+ Kc7 20. Bxe6 Rxd1+ 21. Kxd1 {[%emt 0:00:01][%mdl 4096] Endgame KRB-KBN} Rf8 22. Ke2 a6 23. Nc3 h6 24. Bg4 Rb8 25. Kd2 Rf8 (25... b5 $15) 26. f3 Rd8+ 27. Kc2 Rb8 28. h3 b5 29. Bf5 Rf8 30. Be4 b4 31. Nd1 Bf6 32. Nf2 Bg7 33. Nd3 Kb6 34. b3 a5 35. Kd2 Rf7 36. Ke2 a4 37. bxa4 Ra7 38. Nb2 Rd7 39. Nd1 Ra7 40. Bc2 e4 41. fxe4 Kc6 42. Nf2 Kd6 43. Ng4 Ke6 44. e5 Rd7 (44... Bxe5 45. Nxh6 Bc3 46. Kf3 $11) (44... Ra8 $15) 45. Be4 Bxe5 (45... Ke7 $11) 46. Nxh6 (46. Bd5+ $14 Kd6 47. Nxh6) 46... Ra7 47. Bc2 (47. Bd5+ Kd7 48. Be4 Rxa4 $15) 47... Bc3 48. Kf3 Kf6 (48... Ra8 $14) 49. Ng4+ $16 Ke6 50. h6 ({White should try} 50. Nf2 $1 $16) 50... Rf7+ $14 51. Ke4 Kd6 52. a5 Ke6 53. Bb3 Ra7 54. Nf2 Rxa5 55. Nd3 Kf6 (55... Ke7 $15) 56. Kd5 Kg6 57. e4 Kxh6 58. e5 Kg6 59. e6 (59. Nxc5 $11 Kf5 60. e6) 59... Kf6 60. Nxc5 Ke7 {[%emt 0:00:30] Black is more active.} 61. Kc6 Bd4 62. Nb7 {[%emt 0:00:19] [#]} Ra6+ $1 63. Kd5 Bf2 {[%emt 0:00:03][%cal Oa6b6] And now ...Rb6! would win.} 64. c5 {[%emt 0:00:03] Inhibits Rb6.} Rxe6 {[%emt 0:00:03] Hoping for ...Re3.} 65. Nd6 Rf6 {[%emt 0:00:27] Threatens to win with ...Rf3.} 66. Bc2 $2 {[%emt 0:00:15] Now White is beyond hope.} (66. Ne4 $15 Rf5+ 67. Kc4) 66... Rf3 $19 67. Ne4 {[%emt 0:00:14] Prevents Rc3} (67. Nb5 $142) 67... Be3 68. c6 Bf4 69. c7 {[%emt 0:00:09] [#]} Kd7 $1 (69... Rxh3 {is a self mate.} 70. c8=Q Rh6 71. Qb7+ Kf8 72. Bb3 g4 73. Nc5 Rh5+ 74. Kd4 Be5+ 75. Ke4) (69... Bxc7 $2 {loses.} 70. Nxg5 Rf2 71. Bb3 $19) 70. Nc5+ Kxc7 71. Bf5 (71. Na6+ {is a better defense.} Kb6 72. Nxb4) 71... Kb6 {[%emt 0:00:11] aiming for ...Ra3.} 72. Nd3 Bd2 73. Ke4 Re3+ 74. Kd4 Re7 {[%emt 0:00:06] Strongly threatening ...Kb5.} 75. Kc4 Rc7+ 76. Kb3 $2 (76. Kd4 {was the only chance.}) 76... Rc3+ 77. Kb2 Ka5 78. Kb1 Be3 79. Be4 Bd4 80. Bf5 Kb5 81. Be4 Bf6 82. Bf5 Kc4 83. Ne1 (83. Nb2+ $19 Kd4 84. Bg4) 83... Re3 {[%emt 0:00:19] Black mates.} 84. Nc2 Rf3 85. Kc1 Kc3 {[%emt 0:00:09] Weighted Error Value: White=0.13 (very precise) /Black=0.12 (very precise)} ({Worse is} 85... Rxf5 86. Ne3+ Kd4 87. Nxf5+ Ke5 88. Nh6 $11) 0-1

[Event "14th Danzhou Super GM 2023"]
[Site "Danzhou"]
[Date "2023.11.19"]
[Round "6.2"]
[White "Xu, Xiangyu"]
[Black "Liu, Yan"]
[Result "1/2-1/2"]
[ECO "E45"]
[WhiteElo "2623"]
[BlackElo "2579"]
[Annotator "TA"]
[PlyCount "64"]
[EventDate "2023.11.17"]
[EventCountry "CHN"]
[SourceTitle "playchess.com"]
[Source "ChessBase"]
[SourceQuality "1"]
[TimeControl "2700+10"]

1. d4 Nf6 2. c4 e6 3. Nc3 Bb4 4. e3 b6 5. Nge2 Ba6 6. Ng3 Bxc3+ 7. bxc3 d5 8. Qf3 O-O 9. cxd5 exd5 10. Bxa6 {[%emt 0:00:02] E45: Nimzo-Indian: Rubinstein: 4...b6 5 Ne2 Ba6.} Nxa6 11. Qe2 Qc8 12. O-O {[%emt 0:00:04] White is slightly better.} c5 13. f3 cxd4 14. cxd4 {[%emt 0:00:02] [#] Ba3 would be deadly.} Nb4 $146 ({Predecessor:} 14... Qc4 15. Ba3 Rfc8 16. Rac1 Qxe2 17. Nxe2 Rc4 18. Nc3 Rac8 19. Nb5 Rxc1 20. Rxc1 Rxc1+ 21. Bxc1 {1-0 Kariz,P (2511)-Strbad,F (2082) SLO-ch4 corr 1999}) 15. Ba3 Qc3 16. Bxb4 Qxb4 17. Rab1 Qa4 {[%emt 0:00:57] The position is equal.} 18. Rfc1 Rac8 {[%emt 0:01:15] Wards off Rc7} 19. Qd2 g6 20. Ne2 Rfe8 21. Nf4 Qa3 22. Kf2 h5 23. h3 Kg7 24. Nd3 Qd6 25. Rxc8 Rxc8 26. Rc1 Rxc1 27. Qxc1 $11 {[%emt 0:00:02][%mdl 4096] Endgame KQN-KQN} h4 28. Ne5 Nd7 29. Qc6 Qb4 ({Much less strong is} 29... Qxc6 30. Nxc6 a5 31. Ne7 $16) 30. Qxd7 (30. Nxd7 $5 Qd2+ $8 31. Kg1 (31. Kf1 Qd1+ 32. Kf2 Qd2+ 33. Kg1 Qe1+ 34. Kh2 Qg3+ 35. Kh1 Qe1+ 36. Kh2 Qg3+ 37. Kh1 Qe1+ 38. Kh2 $11) 31... Qe1+ 32. Kh2 Qg3+ 33. Kh1 Qe1+ 34. Kh2 Qg3+ 35. Kh1 Qe1+ 36. Kh2 $11) 30... Qd2+ 31. Kf1 Qd1+ 32. Kf2 Qd2+ {[%emt 0:00:02] Weighted Error Value: White=0.02 (flawless) /Black=0.03 (flawless)} 1/2-1/2

[Event "14th Danzhou Super GM 2023"]
[Site "Danzhou"]
[Date "2023.11.19"]
[Round "6.3"]
[White "Bai, Jinshi"]
[Black "Cheparinov, Ivan"]
[Result "1/2-1/2"]
[ECO "E16"]
[WhiteElo "2585"]
[BlackElo "2649"]
[Annotator "TA"]
[PlyCount "133"]
[EventDate "2023.11.17"]
[EventCountry "CHN"]
[SourceTitle "playchess.com"]
[Source "ChessBase"]
[SourceQuality "1"]
[TimeControl "2700+10"]

1. d4 Nf6 2. c4 e6 3. g3 d5 4. Bg2 Bb4+ 5. Nd2 O-O 6. Ngf3 b6 7. O-O Bb7 8. b3 {[%emt 0:00:06] E16: Queen's Indian: 4 g3 Bb7 5 Bg2 Bb4+.} c5 9. Bb2 {[%emt 0:00:19] Wards off Bc3} Qe7 10. cxd5 Bxd5 11. dxc5 Bxc5 12. e3 {[%emt 0:04:27] [#]} Nbd7 $146 ({Predecessor:} 12... a5 13. Qe2 a4 14. Ne5 Bxg2 15. Kxg2 Qb7+ 16. Qf3 Qxf3+ 17. Kxf3 Nd5 18. a3 f6 19. Nd3 axb3 20. Nxb3 Nd7 {½-½ Pepene,G (2492)-Szczepanski,Z (2476) EU-chT11 sf3 email 2017 [2]}) 13. Qe2 Ne4 14. Nxe4 Bxe4 15. Rfd1 Rfd8 16. Rac1 h6 17. Rc4 Bd5 18. Rg4 Nf6 19. Rf4 Bb7 20. Bxf6 gxf6 21. Rh4 Rxd1+ 22. Qxd1 Rd8 23. Nd4 $36 {[%emt 0:00:27][%mdl 2048] White has good play.} Bxg2 {[%emt 0:04:42] A strong pair of Bishops.} (23... Bxd4 {simplifies} 24. exd4 Bxg2 25. Kxg2 Qb7+) 24. Qg4+ Kh7 $1 25. Qf4 Qf8 26. Kxg2 {[%emt 0:00:02] Black should prevent Nc6.} Bxd4 27. exd4 $11 {[%emt 0:00:01][%mdl 4096] Endgame KQR-KQR} Rd5 28. Qc7 (28. Qxf6 $2 {perishes.} Rf5 $19) 28... f5 (28... Kg6 $11 {keeps the balance.}) 29. Qxa7 $16 {[%emt 0:00:16] White is more active.} Kg7 30. Qc7 Qd8 31. Qxd8 Rxd8 {[%emt 0:00:02] KR-KR} 32. a4 b5 33. a5 b4 34. g4 (34. a6 $16) 34... Rd5 $11 {[%emt 0:02:10] The position is equal.} 35. a6 fxg4 $1 36. Rxg4+ Kf8 37. Rh4 Kg7 $1 38. Rg4+ Kf8 39. Rh4 Kg7 $1 40. a7 Ra5 41. Rh5 {[%emt 0:00:16][%mdl 64] [#] Promotion} Rxa7 42. Rb5 Rc7 43. Rxb4 Rc3 44. f3 Kf6 45. Kg3 Rd3 46. Kf4 Rd2 47. h3 Rh2 48. Kg3 Rb2 49. Kg4 Rg2+ 50. Kf4 Rh2 51. Kg3 Rb2 52. h4 Rb1 53. Kf4 Rh1 54. Kg4 Kg6 55. Rc4 Rg1+ 56. Kf4 {[%emt 0:00:02] [#] aiming for Ke5.} Rh1 57. Kg3 Rg1+ 58. Kf4 Rh1 59. b4 {[%emt 0:00:14] Black must now prevent Ke5.} Rxh4+ 60. Ke5 {[%emt 0:00:01] Kd6 would be deadly.} Rh1 61. Rc2 {[%emt 0:00:53] Rg2+ is the strong threat.} Rb1 62. Rg2+ Kh7 63. Kf6 Rxb4 64. Rg7+ Kh8 65. Rxf7 Rxd4 {[%emt 0:00:06] ( -> ...Rf4+)} 66. Kxe6 Kg8 67. Ra7 {[%emt 0:00:13] Weighted Error Value: White=0.02 (flawless) /Black=0.03 (flawless)} 1/2-1/2

[Event "14th Danzhou Super GM 2023"]
[Site "Danzhou"]
[Date "2023.11.19"]
[Round "6.4"]
[White "Ma, Qun"]
[Black "Tan, Zhongyi"]
[Result "1-0"]
[ECO "C42"]
[WhiteElo "2653"]
[BlackElo "2513"]
[Annotator "TA"]
[PlyCount "125"]
[EventDate "2023.11.17"]
[EventCountry "CHN"]
[SourceTitle "playchess.com"]
[Source "ChessBase"]
[SourceQuality "1"]
[TimeControl "2700+10"]

1. e4 e5 2. Nf3 Nf6 3. Nxe5 d6 4. Nf3 Nxe4 5. d4 d5 6. Bd3 Bd6 7. O-O O-O 8. c4 c6 9. Qc2 Na6 10. a3 Bg4 {[%emt 0:04:07] [#] aiming for ...Bxf3.} 11. Ne5 {[%emt 0:00:06] C42: Petroff Defence: 3 Nxe5 and unusual White 3rd moves.} Bf5 {[%emt 0:00:05] The modern move.} 12. b4 c5 13. cxd5 {[%emt 0:00:23] White is slightly better.} (13. bxc5 Bxe5 14. dxe5 Naxc5 15. cxd5 Qxd5 $17) (13. f3 $5 Bxe5 14. dxe5 (14. fxe4 $2 Bxd4+ 15. Kh1 dxe4 $19) 14... dxc4 15. Bxe4 (15. Qxc4 $2 b5 $19) 15... Qd4+ 16. Qf2 Bxe4 17. Qxd4 cxd4 18. fxe4 $14) 13... cxd4 14. Bxe4 Rc8 $1 15. Nc6 Bxe4 16. Qxe4 bxc6 17. dxc6 Re8 18. Qf3 Qb6 (18... Qh4 19. g3 Qd8 20. Nd2 $16) 19. Nd2 Rxc6 (19... Qxc6 $2 20. Qxc6 Rxc6 21. b5 Rxc1 22. Raxc1 $18 (22. Rfxc1 Nc5 $18)) 20. Nb3 Rc3 21. Qd1 d3 $1 {[%emt 0:00:03] [#]} 22. Bb2 $5 $146 {[%emt 0:12:37][%mdl 8] An interesting novelty.} ({Predecessor:} 22. Bd2 Rc2 23. g3 Bf8 24. Qf3 Rd8 25. Be3 Qg6 26. Nd4 Rc4 27. Rac1 Rcxd4 28. Bxd4 Rxd4 {1-0 Dominguez Perez,L (2763)-Wang,H (2726) FIDE World Cup 2019 (3.4)}) 22... Rc2 23. Bd4 Qb5 24. Qg4 Bf8 25. Rfd1 Qa4 (25... Nb8 $11) 26. Nd2 $14 {[%emt 0:01:56] Strongly threatening Ne4.} (26. Rxd3 Qxa3 27. h3 Qxb4) 26... Qc6 {[%emt 0:05:03] Against Ne4} 27. Qf5 Nc7 28. Nf3 {[%emt 0:03:33] And now Ne5 would win.} Ne6 $1 29. Qxd3 (29. Rxd3 $2 Rc1+ 30. Rd1 Nxd4 31. Raxc1 (31. Rdxc1 $2 Ne2+ 32. Kh1 Nxc1 $19) (31. Nxd4 $2 Rxa1 32. Rxa1 Qc3 $19) 31... Qxc1 32. Rxc1 Nxf5 $19) 29... Nf4 30. Qf5 Re4 {[%emt 0:00:17] White leaves nothing to chance now.} (30... Ne2+ $1 $14 31. Kh1 g6) 31. Be3 $40 {[%emt 0:00:43][%mdl 128] White attacks with force. Dancing on a razor blade.} (31. Ng5 $2 Re1+ 32. Rxe1 Qxg2#) 31... g6 32. Qd7 Qf6 33. Bxf4 (33. Qxa7 $2 Nxg2 34. Nd2 Nh4 $19) 33... Qxf4 34. Qxa7 Ree2 35. Rf1 (35. Qd4 $142 Qc7 36. Ne1) 35... g5 (35... Ra2 $16 {was called for.}) 36. h3 h5 37. Qd4 {[%emt 0:00:10] Qxf4 is the strong threat.} (37. Nd4 $2 Bd6 38. Nf3 (38. Nxe2 $2 Qh2#) (38. g3 Qxg3+ 39. fxg3 Rg2+ 40. Kh1 Rh2+ 41. Kg1 Rcg2#) 38... g4 $19) 37... Qf5 38. Rae1 g4 (38... Be7 {was worth a try.} 39. Rxe2 Rxe2) 39. hxg4 $18 hxg4 40. Rxe2 Rxe2 41. Nh4 Qe6 42. Qd3 Re4 43. g3 Be7 44. Ng2 Bg5 45. Rd1 Re5 46. Qd4 Re2 47. Qd5 {[%emt 0:00:14] Inhibits Qf5.} Qf6 48. Qd4 ({White should play} 48. Rf1 $18) 48... Qf5 $2 (48... Qe6 $1 $11 49. Nf4 Re1+ 50. Rxe1 Qxe1+ 51. Kh2 Bf6) 49. Rf1 (49. Nf4 Bxf4 50. gxf4 Kh7 $18) 49... Rd2 50. Qc3 Ra2 51. Ne3 Qe6 (51... Qe4 52. Qc8+ Kh7) 52. Re1 Kh7 53. Qd3+ Kg8 54. Qc3 $2 (54. Qd1 $18) 54... Bf6 $2 {[%emt 0:00:02][%mdl 8192] Inhibits Nxg4.} (54... Kh7 $1 $11 {and Black stays safe.} 55. Qd3+ f5) 55. Qd3 Bg5 $1 56. Kf1 {[%emt 0:00:08] Threatens to win with Nd5.} Qh6 {[%emt 0:00:19][%cal Rh6h1] [#]} 57. Kg2 {[%emt 0:00:09] Inhibits Qh1+.} (57. Nxg4 $2 Qh1#) ({Only move:} 57. Qe4 $1 $18 Bxe3 58. Rxe3) 57... Qe6 $2 (57... Qc6+ $1 $11 58. Kg1 Rxf2) 58. b5 {[%emt 0:00:15] White is clearly winning.} Qe7 (58... Kf8 $142 59. Qd4 Bf6 60. Qc5+ Be7) 59. b6 (59. Qd5 $142 Bxe3 60. Qxa2 Qb7+ 61. Kh2) 59... Rxa3 60. Qf5 {[%emt 0:00:09] Hoping for Qc8+.} Bxe3 61. Qxg4+ ({Weaker is} 61. Rxe3 Rxe3 62. Qc8+ (62. fxe3 Qb7+ 63. Kg1 Qxb6 $16) (62. Qxg4+ Kf8 $16) 62... Kg7 63. Qxg4+ (63. fxe3 Qe4+ 64. Kh2 Qh7+ 65. Kg2 Qe4+ 66. Kh2 Qh7+ 67. Kg2 Qe4+ $11) 63... Kf8 64. fxe3 Qb7+ 65. e4 Qxb6 $14) (61. fxe3 Qb7+ 62. Kf2 Qxb6 $14) 61... Qg5 62. Qxg5+ ({Not} 62. Qc8+ Kg7 63. Rxe3 Rxe3 64. fxe3 Qd5+ 65. Kh2 Qh5+ 66. Qh3 Qb5 $16) 62... Bxg5 63. b7 {[%emt 0:00:01] Weighted Error Value: White=0.50/Black=0.55} 1-0

[Event "14th Danzhou Super GM 2023"]
[Site "Danzhou"]
[Date "2023.11.20"]
[Round "7.1"]
[White "Tan, Zhongyi"]
[Black "Bu, Xiangzhi"]
[Result "0-1"]
[ECO "E12"]
[WhiteElo "2513"]
[BlackElo "2677"]
[Annotator "RC"]
[PlyCount "74"]
[EventDate "2023.11.17"]
[EventCountry "CHN"]
[SourceTitle "playchess.com"]
[Source "ChessBase"]
[SourceQuality "1"]
[TimeControl "2700+10"]

1. d4 Nf6 2. c4 e6 3. Nf3 b6 4. a3 Bb7 5. Nc3 d5 6. cxd5 Nxd5 7. Qc2 Be7 8. e4 Nxc3 9. bxc3 O-O 10. Bd3 c5 11. O-O Nd7 12. e5 Bxf3 13. gxf3 g6 14. Qe2 Rc8 15. Rd1 cxd4 16. cxd4 b5 17. d5 Nxe5 18. Bxb5 Bg5 19. Bb2 Bf4 20. Rd4 Bc1 21. Bxc1 Rxc1+ 22. Rxc1 Qg5+ 23. Kh1 Qxc1+ 24. Kg2 Qg5+ 25. Kh1 Qf6 26. f4 Nc6 27. Rd1 Nd4 28. Qd3 Nxb5 29. Qxb5 Qxf4 30. Qe2 exd5 31. Rxd5 Qc1+ 32. Kg2 Qxa3 33. Qe5 Qa4 34. Ra5 Qc6+ 35. Kg3 Re8 36. Qa1 Rd8 37. Qa3 Qe4 0-1

[Event "14th Danzhou Super GM 2023"]
[Site "Danzhou"]
[Date "2023.11.20"]
[Round "7.2"]
[White "Cheparinov, Ivan"]
[Black "Ma, Qun"]
[Result "1/2-1/2"]
[ECO "C54"]
[WhiteElo "2649"]
[BlackElo "2653"]
[Annotator "TA"]
[PlyCount "92"]
[EventDate "2023.11.17"]
[EventCountry "CHN"]
[SourceTitle "playchess.com"]
[Source "ChessBase"]
[SourceQuality "1"]
[TimeControl "2700+10"]

1. e4 e5 2. Nf3 Nc6 3. Bc4 Bc5 4. c3 Nf6 5. d3 d6 6. Bg5 h6 7. Bh4 a6 8. Nbd2 {[%emt 0:00:22] C54: Giuoco Piano: 4 c3 Nf6, main lines with 5 d4 and 5 d3.} Ba7 9. O-O Qe7 $1 {[%emt 0:00:55][%mdl 4] outshines the older 9...g5.} 10. b4 g5 11. Bg3 Nh7 12. Bd5 Nf8 (12... h5 $5 13. h4 g4 $11) 13. Nc4 {[%emt 0:00:03] [#]} h5 $146 ({Predecessor:} 13... Ng6 14. Ne3 Qd8 15. h3 h5 16. Qb3 O-O 17. a4 g4 18. hxg4 hxg4 19. Nh2 Qg5 {½-½ Caruana,F (2786)-Deac,B (2701) FIDE Grand Swiss 2023 (9)}) 14. h4 g4 15. Nfd2 Ng6 16. a4 (16. Bxc6+ $11 bxc6 17. Qa4) 16... Nd8 $15 {[%emt 0:02:07] White must now prevent ...c6.} 17. b5 (17. d4 $1 $15) 17... c6 $1 $17 18. b6 (18. bxc6 $2 bxc6 19. Bxc6+ Nxc6 $19) 18... cxd5 (18... Bb8 $1 $17 19. Ne3 Nxh4) 19. Ne3 $36 {[%emt 0:00:43][%mdl 2048] White has some pressure.} Be6 20. bxa7 $16 {[%emt 0:00:03] White is more active.} Rxa7 $2 (20... dxe4 $16 {keeps fighting.} 21. dxe4 Qc7) 21. Nxd5 Bxd5 22. exd5 f5 {[%emt 0:00:17] [#]} 23. f4 (23. f3 $1 $18 ) 23... O-O 24. Qb3 ({White should try} 24. fxe5 $16 dxe5 25. Bf2) 24... Nf7 (24... Nxh4 $2 25. Bxh4 (25. fxe5 Ng6 $18) 25... Qxh4 26. Qb6 $18) (24... Nxf4 $1 $14 25. Bxf4 exf4) 25. Rae1 (25. Qb6 $16 Raa8 26. Rae1) 25... Raa8 (25... b5 $1 $14) 26. Nc4 (26. d4 $16) 26... b5 $1 $14 {[%emt 0:05:39][%mdl 64] Deflection} 27. axb5 axb5 28. Qxb5 Ra2 {[%emt 0:04:57] [#]} (28... Rfb8 $11 29. Qc6 Qa7+ 30. Bf2 Qe7) 29. fxe5 (29. Qb6 $1 $16) 29... f4 $11 {[%emt 0:00:01] The position is equal.} 30. exd6 (30. Bxf4 $2 {loses.} Qxh4 31. Qb1 (31. Nxd6 {leads to mate.} g3 32. Bxg3 Qxg3) (31. e6 Nxf4 32. exf7+ Kh7 33. Rxf4 Qxe1+ 34. Rf1 Qe2) 31... Nxf4 32. Rxf4 (32. Qxa2 $2 Ne2+ 33. Qxe2 g3 $19) 32... dxe5 33. Nxe5 Rb2 $19) 30... Qa7+ 31. Bf2 Rxf2 {[%emt 0:00:07][%mdl 64] Remove Defender} 32. Rxf2 g3 $1 {[%emt 0:00:02][%mdl 64] Pin} 33. Qb6 Qxb6 34. Nxb6 gxf2+ 35. Kxf2 Nge5 36. Kf1 {[%emt 0:00:41] aiming for d4.} Nxd3 37. Re6 Rb8 38. d7 Kg7 $1 39. Rc6 Nde5 40. c4 Nd8 {[%emt 0:00:11][%mdl 64] Deflection} (40... Nxc6 $2 41. dxc6 Ne5 42. c7 Nxd7 43. cxb8=R (43. c8=N $2 Nxb6 44. Nd6 Nd7 $19) 43... Nxb8 44. Nd5 $18) 41. Rc8 Rxb6 42. Rxd8 {[%emt 0:00:01][%cal Od8g8] Rg8+! would be deadly.} Rd6 (42... Nxc4 43. Rg8+ Kxg8 44. d8=Q+ (44. d8=B $2 {too greedy.} Rb2 $19) 44... Kg7 45. Qc7+ Kf6 46. Qxf4+ Ke7 47. Qxc4 $18) 43. c5 Rxd5 {[%emt 0:00:18] [#]} 44. c6 Nxc6 (44... Rd1+ 45. Ke2) 45. Rc8 Rxd7 {[%emt 0:00:08] Strongly threatening ...Ne5.} 46. Rxc6 f3 {[%emt 0:00:08] An interesting game.   Weighted Error Value: White=0.20 (precise) /Black=0.19 (very precise)} 1/2-1/2

[Event "14th Danzhou Super GM 2023"]
[Site "Danzhou"]
[Date "2023.11.20"]
[Round "7.3"]
[White "Liu, Yan"]
[Black "Bai, Jinshi"]
[Result "1/2-1/2"]
[ECO "A34"]
[WhiteElo "2579"]
[BlackElo "2585"]
[Annotator "RC"]
[PlyCount "66"]
[EventDate "2023.11.17"]
[EventCountry "CHN"]
[SourceTitle "playchess.com"]
[Source "ChessBase"]
[SourceQuality "1"]
[TimeControl "2700+10"]

1. Nf3 Nf6 2. c4 c5 3. g3 Nc6 4. Bg2 d5 5. cxd5 Nxd5 6. Nc3 g6 7. h4 Bg7 8. h5 Bf5 9. Nh4 Be6 10. Ne4 Ndb4 11. Nxc5 Bd5 12. a3 Bxg2 13. Nxg2 Qd5 14. Kf1 Qxc5 15. axb4 Nxb4 16. d3 O-O 17. hxg6 hxg6 18. Bh6 Bxh6 19. Rxh6 Kg7 20. Rh4 Rh8 21. Qc1 Rac8 22. Qxc5 Rxc5 23. Rxh8 Kxh8 24. Ne3 a6 25. Ke1 Nc2+ 26. Nxc2 Rxc2 27. Rb1 Kg7 28. Kd1 Rc6 29. Kd2 Kf6 30. Rh1 Rb6 31. Kc3 Rc6+ 32. Kd2 Rb6 33. Kc3 Rc6+ 1/2-1/2

[Event "14th Danzhou Super GM 2023"]
[Site "Danzhou"]
[Date "2023.11.20"]
[Round "7.4"]
[White "Jumabayev, Rinat"]
[Black "Xu, Xiangyu"]
[Result "1/2-1/2"]
[ECO "A16"]
[WhiteElo "2588"]
[BlackElo "2623"]
[Annotator "TA"]
[PlyCount "89"]
[EventDate "2023.11.17"]
[EventCountry "CHN"]
[SourceTitle "playchess.com"]
[Source "ChessBase"]
[SourceQuality "1"]
[TimeControl "2700+10"]

1. Nf3 Nf6 2. c4 g6 3. Nc3 d5 4. cxd5 Nxd5 5. h4 Bg7 6. e4 {[%emt 0:00:02] A16: English Opening: 1...Nf6 with ...d5.} Nxc3 7. dxc3 Qxd1+ 8. Kxd1 {[%emt 0:00:02] White is slightly better.} f5 9. Bd3 fxe4 10. Bxe4 Nd7 {[%emt 0:00:03] [#]} 11. Bc2 $146 ({Predecessor:} 11. Bf4 e5 12. Be3 Nf6 13. Nd2 Nxe4 14. Nxe4 Bf5 15. f3 h5 16. Ke2 Bxe4 17. fxe4 {½-½ Daneshvar,B (2419)-Paravyan,D (2609) Wch Rapid Almaty 2022 (12)}) 11... Ne5 12. Nxe5 Bxe5 13. Be4 c6 14. Bg5 Kf7 15. Kc2 Bf6 16. Rae1 Bf5 17. Re2 Rad8 18. Rhe1 {[%emt 0:02:43] And now Bxf5 would win.} Rd7 19. f3 Rhd8 20. a4 h5 21. Bxf5 gxf5 22. a5 Rg8 23. f4 a6 (23... Rgd8 $11 {keeps the balance.}) 24. Kb3 $1 $16 Rgd8 25. Kc4 $1 Rc8 (25... Rc7 $142) 26. Re3 Rcc7 27. R1e2 {[%emt 0:01:05] Prevents Rd2.} (27. Bxf6 $16 exf6 28. b4) 27... Bg7 {[%emt 0:00:12] [#]} (27... Rd5 $1 $11) 28. Re6 (28. Kc5 $1 $16) 28... Bf8 {[%emt 0:00:30] [#]} (28... c5 $1 $14) 29. R6e5 {[%emt 0:00:49] White is much more active.} (29. Bh6 $1 $16 ) 29... Rd5 $14 {[%emt 0:00:02][%mdl 64] Decoy} 30. Rxd5 cxd5+ 31. Kxd5 {[%emt 0:00:01][%mdl 4096] Endgame KRB-KRB} e6+ 32. Kd4 $1 Rc5 33. b4 (33. Re5 $1 $14 Rc8 34. Kd3) 33... Rc7 $11 {[%emt 0:00:01] Hoping for ...Bg7+.} 34. Kd3 Bg7 35. c4 Rd7+ 36. Kc2 Rd4 37. Kb3 Rd3+ 38. Ka4 Bd4 39. Bd8 Be3 {[%emt 0:00:03] ...Bc1 is the strong threat.} 40. Bc7 Ke7 41. Be5 Kd7 42. Rc2 Bg1 43. Re2 Ba7 $2 (43... Be3 $11) 44. Rc2 $2 ({White must play} 44. c5 $18) 44... Bg1 45. Re2 {[%emt 0:00:12] Weighted Error Value: White=0.28 (precise) /Black=0.26 (precise)} 1/2-1/2